 Dungeon Crawl Stone Soup version 0.31-a0-1082-g7d1fb776a8 (webtiles) character file.

Game seed: 12581527964584366973

76 Flugslaktarn the Changeling (level 4, -3/28 HPs)
             Began as an Octopode Shapeshifter on Nov 28, 2023.
             Slain by a gnoll
             ... wielding a +0 spear
              (5 damage)
             ... on level 2 of the Dungeon.
             The game lasted 00:00:35 (961 turns).

Flugslaktarn the Changeling (Octopode Shapeshifter)  Turns: 961, Time: 00:00:35

Health: -3/28      AC:  1    Str: 13    XL:     4   Next: 32%
Magic:  4/4        EV: 13    Int: 12    God:
Gold:   29         SH:  0    Dex: 13    Spells: 3/3 levels left

rFire   . .          .
                       - Unarmed
rCold   . . .        (no shield)
rNeg    . . .        (helmet currently unavailable)
rPois   .            (no amulet)
rElec   .            (no ring)
rCorr   .            (no ring)
SInv    .            (no ring)
Will    .....        (no ring)
Stlth   ++           (no ring)
HPRegen 0.24/turn    (no ring)
MPRegen 0.09/turn    (no ring)
                     (no ring)

%: no passive effects
@: about to teleport, beast-form
A: beast (slay +2), almost no armour, amphibious, 8 rings, camouflage 1,
gelatinous body 1, (nimble swimmer 1), tentacles
a: Begin Untransformation


You were on level 2 of the Dungeon.
You were a hulking beast.
You visited 1 branch of the dungeon, and saw 2 of its levels.

You collected 29 gold pieces.

Inventory:

Talismans
 b - a beast talisman
 c - a flux talisman
Scrolls
 d - a scroll of torment
 r - 4 scrolls of identify
 t - a scroll of teleportation
Potions
 a - a potion of lignification


   Skills:
 - Level 1.0 Fighting
 - Level 2.0 Dodging
 - Level 3.0 Unarmed Combat
 + Level 4.7 Shapeshifting


You had 3 spell levels left.
You didn't know any spells.
Your spell library was empty.

Dungeon Overview and Level Annotations

Branches:
Dungeon (2/15)

Altars:


Innate Abilities, Weirdness & Mutations

You are a hulking beast.
Your limbs bulge with bestial killing power. (Slay +2)
You cannot wear most types of armour.
You are amphibious.
You can wear up to eight rings at the same time.
Your skin changes colour to match your surroundings (Stealth+).
Your rubbery body absorbs attacks. (AC +1, EV +1)
((You are camouflaged when in or above water. (Stealth+)))
You have tentacles for arms and can constrict up to eight enemies at once.


Message History

The adder bites you.
You are poisoned.
The adder poisons you! The adder misses you.
You see here a rat corpse.
You bludgeon the adder! Your grab misses the adder. You squeeze the adder.
You kill the adder!
You feel sick.
Found a spear.
You feel sick.
You feel sick.
Found 5 gold pieces.
You feel sick.
An endoplasm comes into view.
There are monsters nearby!
The helpless endoplasm fails to defend itself.
You bludgeon the endoplasm!
You kill the endoplasm!
You feel sick.
An endoplasm is nearby!
A hobgoblin comes into view.
Found a trident.
You feel sick.
You are no longer poisoned.
The hobgoblin shouts!
You hear an angry hiss.
An adder comes into view.
The endoplasm hits you.
You tentacle-slap the endoplasm.
The endoplasm is heavily wounded.
The endoplasm misses you.
You tentacle-slap the endoplasm.
The endoplasm is almost dead.
The endoplasm closely misses you.
You tentacle-slap the endoplasm.
You kill the endoplasm!
The hobgoblin hits you.
You closely miss the adder. Your grab misses the adder.
Your squeeze misses the adder. The adder bites you. The hobgoblin hits you.
You miss the adder. Your grab misses the adder. You squeeze the adder!
The adder is severely wounded.
The adder barely misses you. The hobgoblin barely misses you.
You bludgeon the adder!
You kill the adder!
The hobgoblin closely misses you.
You have reached level 4!
You tentacle-slap the hobgoblin. Your grab misses the hobgoblin.
The hobgoblin is lightly wounded.
The hobgoblin barely misses you.
You tentacle-slap the hobgoblin. You grab the hobgoblin.
The hobgoblin is severely wounded.
You constrict the hobgoblin. The hobgoblin closely misses you.
You tentacle-slap the hobgoblin.
You kill the hobgoblin!
You see here a hobgoblin corpse.
You start resting.
HP restored.
You now have 20 gold pieces (gained 5).
You now have 29 gold pieces (gained 9).
f - 5 scrolls labelled JICUZO GIPLU (gained 1)
Found a stone staircase leading down.
An endoplasm comes into view.
An endoplasm is nearby!
The endoplasm quivers.
You tentacle-slap the endoplasm but do no damage.
The endoplasm freezes you.
You are frozen.
You tentacle-slap the endoplasm. You squeeze the endoplasm.
You kill the endoplasm!
No target in view!
No target in view!
You see here a rat corpse.
You see here a +0 trident.
Found a stone staircase leading down.
No target in view! 2 gnolls come into view.
A gnoll is wielding a +0 flail.
Found a dagger.
The gnoll shouts!
You hear a shout! x2
A gnoll comes into view. It is wielding a +0 flail.
A gnoll comes into view. It is wielding a +0 flail.
Found a stone staircase leading down.
There are monsters nearby!
There are monsters nearby!
You tentacle-slap the gnoll. You grab the gnoll. You squeeze the gnoll.
The gnoll is heavily wounded.
You constrict the gnoll, but do no damage.
The gnoll hits you with a +0 flail.
You tentacle-slap the gnoll. x2
You kill the gnoll!
The gnoll hits you from afar with a +0 spear!
The gnoll hits you with a +0 spear!
Things that are here:
a +0 flail; a throwing net; a scroll labelled JICUZO GIPLU
As you read the scroll labelled JICUZO GIPLU, it crumbles to dust.
It is a scroll of identify.
d - a scroll of torment;
r - 4 scrolls of identify
As you read the scroll labelled JIEGED MYRUESH, it crumbles to dust.
You feel strangely unstable.
It was a scroll of teleportation.
t - a scroll of teleportation The gnoll closely misses you.
The gnoll hits you with a +0 flail!
* * * LOW HITPOINT WARNING * * *
The gnoll misses you.
Unknown command.
The gnoll hits you with a +0 spear.
You die...

#.##......#
###...###
#.#####.###
##.).....#
........#
#..#####.#
#.############..#
.# #.# #.......#
# ..# #.##....#
###
.##.#..#####.#
.........)g...#
..##.#..hgg..##
#.........#.###
....#.......#
#.....##.#.#
...##. #$... #.
#. #..... .>....#
#... .#


You could see 3 gnolls.

Vanquished Creatures
  A gnoll (D:2)
  2 adders (D:2)
  2 dart slugs (D:1)
  3 ball pythons (D:1)
  6 endoplasms
  A giant cockroach (D:1)
  2 goblins (D:1)
  5 hobgoblins
  4 jackals (D:1)
  4 kobolds (D:1)
  A quokka (D:1)
  7 bats (D:1)
  2 rats
40 creatures vanquished.

Notes
Turn   | Place    | Note
-------+----------+-------------------------------------------
     0 | D:1      | Flugslaktarn the Octopode Shapeshifter began the quest for
                  | the Orb.
     0 | D:1      | Reached XP level 1. HP: 13/13 MP: 1/1
    86 | D:1      | Reached XP level 2. HP: 13/18 MP: 2/2
   435 | D:1      | Reached XP level 3. HP: 21/23 MP: 3/3
   440 | D:1      | Reached skill level 4 in Shapeshifting
   770 | D:2      | Reached XP level 4. HP: 13/28 MP: 4/4
   960 | D:2      | HP: 1/28 [gnoll/+0 flail (10)]
   961 | D:2      | Slain by a gnoll

Illustrated notes

Levels and vault maps discovered:
D:1:      wheals_arrival_shading, layout_loops_ring
D:2:      layout_loops_cross

Skill      XL: |  1  2  3 |
---------------+----------+-----
Shapeshifting  | 4 |  4.7
Fighting       | |  1.0
Dodging        | |  2.0
Unarmed Combat | |  3.0

Action                     |  1- 3 |  4- 6 || total
---------------------------+-------+-------++-------
  Melee: Unarmed           |    63 |     7 ||    70
         Constrict         |    13 |     2 ||    15
         Tentacles         |    10 |     2 ||    12
         Punch             |       |     1 ||     1
    Use: Scroll            |       |     2 ||     2
   Stab: Sleeping          |     9 |       ||     9
 Armour: Skin              |    25 |     5 ||    30
  Dodge: Dodged            |    32 |     4 ||    36

Table legend: (Time is in decaauts)
 A = Elapsed time spent in this place.
 B = Non-inter-level travel time spent in this place.
 C = Inter-level travel time spent in this place.
 D = Time resting spent in this place.
 E = Time spent auto-exploring this place.
 F = Levels seen in this place.
 G = Mean time per level.
                   A        B        C        D        E       F      G
               +--------+--------+--------+--------+--------+-----+--------+
         Total |    957 |    947 |     10 |     68 |    686 |   2 |  478.5 |
       Dungeon |    957 |    947 |     10 |     68 |    686 |   2 |  478.5 |
               +--------+--------+--------+--------+--------+-----+--------+

Top non-repeatable levels by time:
     D:1: 721 daAuts
     D:2: 235 daAuts
